 Dungeon Crawl Stone Soup version 0.27-a0-488-g88baaf19db (webtiles) character file.

Game seed: 8636765324283679772

8 Dirtsage the Insei (level 2, 22/22 HPs)
             Began as a Demonspawn Gladiator on Mar 1, 2021.
             Quit the game on level 1 of the Dungeon.
             The game lasted 00:01:04 (522 turns).

Dirtsage the Insei (Demonspawn Gladiator)            Turns: 522, Time: 00:01:05

Health: 22/22      AC:  6    Str: 14    XL:     2   Next: 0%
Magic:  2/2        EV: 11    Int:  9    God:
Gold:   28         SH:  0    Dex: 14    Spells: 1/1 levels left

rFire    . . .     SeeInvis .     - Unarmed
rCold    . . .     Faith    .   (no shield)
rNeg     . . .     Spirit   .   g - +0 ring mail
rPois    .         Reflect  .   b - +0 helmet
rElec    .         Harm     .   (no cloak)
rCorr    .         Rampage  .   (no gloves)
Will     .....                  (no boots)
Stlth    +.........             (no amulet)
HPRegen  0.07/turn              (no ring)
MPRegen  0.08/turn              (no ring)

@: no status effects
A: demonic magic 1
a: no special abilities


You were on level 1 of the Dungeon.
You visited 1 branch of the dungeon, and saw 1 of its levels.

You collected 28 gold pieces.


Innate Abilities, Weirdness & Mutations

Spells you cast may paralyse adjacent enemies.


   Skills:
 - Level 2.0 Fighting
 - Level 1.7 Throwing
 - Level 2.6 Dodging
 + Level 3.2 Unarmed Combat


You had one spell level left.
You didn't know any spells.
Your spell library was empty.

Inventory:

Missiles
 c - 3 throwing nets (quivered) {=f}
Armour
 a - a +0 leather armour
 b - a +0 helmet (worn)
 g - a +0 ring mail (worn)
Scrolls
 f - a scroll of noise {unknown}
Potions
 d - 2 potions of heal wounds {unknown}
 e - a potion of curing {unknown}

Dungeon Overview and Level Annotations

Branches:
Dungeon (1/15)

Altars:

####### #..... #.....
##.... #..... #####
#....# #...######
#..).# #........#
#...@# #........#
#....#######........#
#....................
#....#######......###
#...>. ...........#
####.# ####.......#
#.# #....#### #.#
#....# #.# ##...#


There were no monsters in sight!


Message History

No target in view!
No target in view!
No target in view!
Found a ring mail.
Found a scroll labelled TILYAS SAC KEO.
No target in view!
Found 22 gold pieces.
f - a scroll labelled TILYAS SAC KEO You now have 28 gold pieces (gained 22).
You see here a +0 ring mail.
g - a +0 ring mail You finish taking off your +0 leather armour.
You finish putting on your +0 ring mail.
A kobold comes into view. It is wielding a +0 whip.
The kobold shouts!
Found a scroll labelled XIUHET LYOXKO.
Found a stone staircase leading down.
A kobold is nearby!
The kobold closely misses you.
You hit the kobold but do no damage. The kobold hits you but does no damage.
You hit the kobold.
The kobold is severely wounded.
The kobold barely misses you.
You hit the kobold.
You kill the kobold!
You have reached level 2!
Your demonic ancestry asserts itself...
A menacing aura infuses your magic.
Sorry, you're not good enough to have a special ability.
Your library has no spells.
Are you sure you want to abandon this character and quit the game? (Confirm with "yes".)

Skill      XL: |  1 |
---------------+----+-----
Unarmed Combat | 3 |  3.2
Fighting       | |  2.0
Throwing       | |  1.7
Dodging        | |  2.6

Action                   || total
-------------------------++-------
Melee: Unarmed           ||    32
       Punch             ||     1
Armor: Leather armour    ||     7
       Ring mail         ||     1
Dodge: Dodged            ||    22

Levels and vault maps discovered:
D:1:      dpeg_arrival_prison, layout_basic

Notes
Turn   | Place    | Note
-------+----------+-------------------------------------------
     0 | D:1      | Dirtsage the Demonspawn Gladiator began the quest for the
                  | Orb.
     0 | D:1      | Reached XP level 1. HP: 16/16 MP: 1/1
   140 | D:1      | Reached skill level 3 in Unarmed Combat
   522 | D:1      | Gained mutation: Spells you cast may paralyse adjacent
                  | enemies. [demonic ancestry]
   522 | D:1      | Reached XP level 2. HP: 22/22 MP: 2/2
   522 | D:1      | Quit the game

Vanquished Creatures
  2 giant cockroaches (D:1)
  A goblin (D:1)
  2 kobolds (D:1)
  A frilled lizard (D:1)
  2 rats (D:1)
8 creatures vanquished.

Table legend: (Time is in decaauts)
 A = Elapsed time spent in this place.
 B = Non-inter-level travel time spent in this place.
 C = Inter-level travel time spent in this place.
 D = Time resting spent in this place.
 E = Time spent auto-exploring this place.
 F = Levels seen in this place.
 G = Mean time per level.
                   A        B        C        D        E       F      G
               +--------+--------+--------+--------+--------+-----+--------+
         Total |    520 |    520 |      0 |      0 |    445 |   1 |  520.0 |
       Dungeon |    520 |    520 |      0 |      0 |    445 |   1 |  520.0 |
               +--------+--------+--------+--------+--------+-----+--------+

Top non-repeatable levels by time:
     D:1: 520 daAuts

Table legend:
 A = Non-vault XP
 B = Vault XP
 C = Vault XP percentage of total XP
 D = Non-vault monster count
 E = Vault monster count
 F = Vault count percentage of total count
                 A         B        C        D         E       F
            +---------+---------+-------+---------+---------+-------
      Total |       9 |       3 |  25.0 |       6 |       2 |  25.0
            +---------+---------+-------+---------+---------+-------
        D:1 |       9 |       3 |  25.0 |       6 |       2 |  25.0
            +---------+---------+-------+---------+---------+-------
